General information
- name: BNet
- type: Ladder team game (AT/RT)
- host: Battle.net
- saver: teelo
map: FullScaleAssault
- players: 8
- length: 17:51
- speed: Fast
- version: 1.26 W3XP
- replay type: Public
» download(131 KB)
Players
team 1 (loser)
ClassicWarcraf (
red | 39 APM | 693 actions | 17:42)
3 Blademaster
1 Wind Walk
2 Critical Strike
» actions
| Basic commands | 1 | |
| Build / train | 56 | |
| Enter build submenu | 15 | |
| Enter hero's abilities submenu | 3 | |
| Give item / drop item | 1 | |
| Remove unit from queue | 2 | |
| Right click | 340 | |
| Select / deselect | 192 | |
| Use ability | 83 | |
693 total
» units
| Peon | 7 | |
| Wind Rider | 7 | |
| Shaman | 6 | |
| Troll Batrider | 10 | |
30 total
» upgrades
| Shaman Training | 2 | |
| Envenomed Spears | 1 | |
3 total
» buildings
| Altar of Storms | 1 | |
| Orc Burrow | 5 | |
| Voodoo Lounge | 2 | |
| Stronghold | 1 | |
| War Mill | 2 | |
| Spirit Lodge | 1 | |
| Beastiary | 2 | |
| Fortress | 1 | |
| Great Hall | 1 | |
16 total
» build order
00:08 Altar of Storms
00:10 Orc Burrow
01:21 Voodoo Lounge
02:32 Stronghold
02:34 Orc Burrow
03:51 War Mill
03:55 Voodoo Lounge
03:57 Orc Burrow
04:58 Spirit Lodge
05:01 Beastiary
08:33 Fortress
10:06 Orc Burrow
10:10 War Mill
11:18 Orc Burrow
14:19 Great Hall
15:43 Beastiary
» items
| Healing Salve | 2 | |
| Scroll of Speed | 2 | |
| Lesser Clarity Potion | 4 | |
| Potion of Healing | 3 | |
| Potion of Mana | 1 | |
| Boots of Speed | 1 | |
| Orb of Lightning | 1 | |
14 total
Mildebas (
teal | 61 APM | 1096 actions | 17:49)
5 Warden
3 Fan of Knives
1 Blink
1 Shadow Strike
» actions
| Assign group hotkey | 18 | |
| Basic commands | 3 | |
| Build / train | 70 | |
| Enter build submenu | 19 | |
| Enter hero's abilities submenu | 5 | |
| Give item / drop item | 2 | |
| Right click | 340 | |
| Select / deselect | 171 | |
| Select group hotkey | 422 | |
| Use ability | 45 | |
1096 total
» units
| Wisp | 25 | |
| Druid of the Talon | 9 | |
| Chimaera | 13 | |
| Hippogryph | 5 | |
52 total
» upgrades
| Ultravision | 1 | |
| Reinforced Hides | 2 | |
| Druid of the Talon Training | 2 | |
| Strength of the Wild | 2 | |
| Corrosive Breath | 1 | |
8 total
» buildings
| Altar of Elders | 1 | |
| Moon Well | 8 | |
| Tree of Ages | 1 | |
| Hunter's Hall | 1 | |
| Ancient Protector | 3 | |
| Tree of Eternity | 1 | |
| Ancient of Wind | 2 | |
| Chimaera Roost | 2 | |
| Tree of Life | 1 | |
20 total
» build order
00:18 Altar of Elders
00:26 Moon Well
01:07 Moon Well
01:48 Moon Well
02:49 Tree of Ages
03:14 Hunter's Hall
03:23 Moon Well
03:53 Moon Well
04:20 Ancient Protector
04:26 Ancient Protector
05:11 Tree of Eternity
05:17 Ancient of Wind
05:24 Ancient of Wind
06:18 Moon Well
08:05 Chimaera Roost
09:36 Tree of Life
09:48 Chimaera Roost
13:09 Moon Well
13:22 Ancient Protector
14:50 Moon Well
» items
| Boots of Speed | 1 | |
| Scroll of Town Portal | 1 | |
2 total

»
Rahzor (
orange | 49 APM | 865 actions | 17:39)
4 Death Knight
2 Death Coil
2 Unholy Aura
1 Dreadlord
1 Vampiric Aura
» actions
| Basic commands | 60 | |
| Build / train | 49 | |
| Enter build submenu | 21 | |
| Enter hero's abilities submenu | 5 | |
| Give item / drop item | 3 | |
| Right click | 460 | |
| Select / deselect | 226 | |
| Use ability | 41 | |
865 total
» units
| Acolyte | 7 | |
| Ghoul | 2 | |
| Crypt Fiend | 8 | |
| Goblin Shredder | 1 | |
| Frost Wyrm | 4 | |
22 total
» upgrades
| Creature Attack | 5 | |
| Web | 1 | |
| Creature Carapace | 2 | |
| Freezing Breath | 1 | |
9 total
» buildings
| Graveyard | 1 | |
| Crypt | 1 | |
| Ziggurat | 9 | |
| Tomb of Relics | 1 | |
| Altar of Darkness | 1 | |
| Halls of the Dead | 1 | |
| Necropolis | 1 | |
| Spirit Tower | 5 | |
| Black Citadel | 1 | |
| Sacrificial Pit | 1 | |
| Boneyard | 4 | |
26 total
» build order
00:10 Graveyard
00:13 Crypt
01:06 Ziggurat
01:09 Ziggurat
01:42 Tomb of Relics
02:03 Altar of Darkness
04:28 Ziggurat
04:35 Halls of the Dead
07:57 Necropolis
08:18 Ziggurat
08:20 Ziggurat
08:26 Ziggurat
09:14 Spirit Tower
09:15 Spirit Tower
09:20 Spirit Tower
09:25 Ziggurat
10:56 Ziggurat
10:58 Black Citadel
11:10 Ziggurat
12:14 Spirit Tower
12:16 Spirit Tower
13:12 Sacrificial Pit
14:39 Boneyard
14:42 Boneyard
14:45 Boneyard
14:48 Boneyard
» items
| Rod of Necromancy | 1 | |
| Orb of Corruption | 1 | |
| Scroll of Town Portal | 2 | |
4 total

»
thedeadundenied (
pink | 51 APM | 901 actions | 17:45)
5 Demon Hunter
3 Immolation
2 Mana Burn
» actions
| Assign group hotkey | 23 | |
| Build / train | 63 | |
| Enter build submenu | 18 | |
| Enter hero's abilities submenu | 5 | |
| Give item / drop item | 2 | |
| Right click | 242 | |
| Select / deselect | 304 | |
| Select group hotkey | 198 | |
| Use ability | 46 | |
901 total
» units
| Wisp | 24 | |
| Huntress | 5 | |
| Archer | 4 | |
| Druid of the Talon | 10 | |
| Chimaera | 6 | |
49 total
» upgrades
| Strength of the Wild | 2 | |
| Druid of the Talon Training | 1 | |
| Reinforced Hides | 2 | |
5 total
» buildings
| Altar of Elders | 1 | |
| Moon Well | 7 | |
| Hunter's Hall | 1 | |
| Ancient of War | 1 | |
| Tree of Ages | 1 | |
| Tree of Life | 1 | |
| Tree of Eternity | 1 | |
| Ancient of Wind | 1 | |
| Chimaera Roost | 2 | |
| Ancient Protector | 4 | |
20 total
» build order
00:06 Altar of Elders
00:08 Moon Well
01:30 Hunter's Hall
01:54 Ancient of War
02:01 Moon Well
03:57 Moon Well
04:24 Tree of Ages
06:22 Tree of Life
07:02 Tree of Eternity
07:06 Ancient of Wind
08:02 Moon Well
08:06 Moon Well
09:29 Chimaera Roost
09:31 Chimaera Roost
13:15 Ancient Protector
14:11 Ancient Protector
14:13 Ancient Protector
14:16 Ancient Protector
14:48 Moon Well
14:50 Moon Well
» items
team 2 (winner)

»
Aislan (
green | 83 APM | 1475 actions | 17:50)
5 Priestess of the Moon
3 Trueshot Aura
2 Searing Arrows
3 Keeper of the Grove
2 Entangling Roots
1 Thorns Aura
» actions
| Assign group hotkey | 50 | |
| Basic commands | 60 | |
| Build / train | 91 | |
| Enter build submenu | 17 | |
| Enter hero's abilities submenu | 8 | |
| Give item / drop item | 4 | |
| Remove unit from queue | 3 | |
| Right click | 384 | |
| Select / deselect | 324 | |
| Select group hotkey | 490 | |
| Use ability | 44 | |
1475 total
» units
| Wisp | 18 | |
| Archer | 21 | |
| Goblin Shredder | 1 | |
| Goblin Zeppelin | 1 | |
| Giant Sea Turtle | 1 | |
| Hippogryph | 8 | |
| Druid of the Talon | 2 | |
| Faerie Dragon | 1 | |
53 total
» upgrades
| Ultravision | 1 | |
| Strength of the Moon | 3 | |
| Improved Bows | 1 | |
| Moon Armor | 3 | |
| Well Spring | 1 | |
| Marksmanship | 1 | |
| Druid of the Talon Training | 2 | |
| Hippogryph Taming | 1 | |
| Nature's Blessing | 1 | |
| Strength of the Wild | 2 | |
| Reinforced Hides | 1 | |
17 total
» buildings
| Moon Well | 7 | |
| Altar of Elders | 1 | |
| Ancient of War | 1 | |
| Tree of Ages | 1 | |
| Hunter's Hall | 1 | |
| Tree of Life | 2 | |
| Tree of Eternity | 1 | |
| Ancient of Wind | 3 | |
| Ancient of Wonders | 1 | |
18 total
» build order
00:10 Moon Well
00:13 Altar of Elders
00:46 Ancient of War
01:21 Moon Well
01:42 Moon Well
03:22 Tree of Ages
03:57 Hunter's Hall
05:03 Tree of Life
06:24 Moon Well
08:35 Tree of Eternity
08:53 Tree of Life
10:08 Ancient of Wind
10:09 Ancient of Wind
11:21 Ancient of Wonders
12:47 Moon Well
14:40 Moon Well
14:40 Moon Well
15:58 Ancient of Wind
» items
| Potion of Healing | 1 | |
| Orb of Fire | 1 | |
| Scroll of Town Portal | 2 | |
| Staff of Sanctuary | 1 | |
| Scroll of Regeneration | 1 | |
6 total
lolisuck- (
purple | 83 APM | 1478 actions | 17:49)
4 Archmage
2 Summon Water Elemental
2 Brilliance Aura
2 Mountain King
1 Storm Bolt
1 Bash
» actions
| Assign group hotkey | 31 | |
| Basic commands | 93 | |
| Build / train | 66 | |
| Enter build submenu | 36 | |
| Enter hero's abilities submenu | 6 | |
| Give item / drop item | 2 | |
| Remove unit from queue | 4 | |
| Right click | 516 | |
| Select / deselect | 256 | |
| Select group hotkey | 403 | |
| Use ability | 65 | |
1478 total
» units
| Peasant | 11 | |
| Footman | 5 | |
| Rifleman | 8 | |
| Siege Engine | 4 | |
| Knight | 1 | |
| Spell Breaker | 4 | |
| Blue Drake | 1 | |
34 total
» upgrades
| Lumber Harvesting | 2 | |
| Long Rifles | 1 | |
| Barrage | 1 | |
| Animal War Training | 1 | |
| Gunpowder | 3 | |
| Control Magic | 1 | |
| Armor | 0 | |
| Masonry | 1 | |
10 total
» buildings
| Barracks | 3 | |
| Farm | 15 | |
| Altar of Kings | 1 | |
| Scout Tower | 8 | |
| Keep | 1 | |
| Town Hall | 1 | |
| Lumber Mill | 1 | |
| Blacksmith | 1 | |
| Arcane Vault | 2 | |
| Castle | 1 | |
| Workshop | 2 | |
| Arcane Sanctum | 1 | |
37 total
» build order
00:21 Barracks
00:36 Farm
00:53 Altar of Kings
01:06 Farm
01:40 Farm
02:46 Scout Tower
03:25 Keep
04:33 Town Hall
04:38 Scout Tower
04:39 Scout Tower
04:40 Scout Tower
04:41 Scout Tower
04:52 Lumber Mill
04:58 Blacksmith
04:59 Scout Tower
05:25 Arcane Vault
05:37 Farm
05:38 Farm
05:52 Farm
07:19 Castle
07:27 Arcane Vault
09:04 Workshop
09:23 Workshop
09:32 Arcane Sanctum
11:14 Farm
11:15 Farm
11:16 Farm
12:38 Barracks
13:30 Farm
13:31 Farm
13:34 Farm
13:35 Farm
13:36 Scout Tower
13:37 Scout Tower
15:53 Barracks
15:56 Farm
» items
| Healing Salve | 1 | |
| Potion of Healing | 1 | |
| Potion of Mana | 1 | |
| Scroll of Speed | 1 | |
| Boots of Speed | 2 | |
| Scroll of Town Portal | 1 | |
7 total
ObiWanKillNooby (
blue | 38 APM | 679 actions | 17:50)
4 Blademaster
2 Wind Walk
2 Critical Strike
3 Shadow Hunter
2 Healing Wave
1 Hex
3 Firelord
2 Summon Lava Spawn
1 Soul Burn
» actions
| Basic commands | 78 | |
| Build / train | 69 | |
| Enter build submenu | 21 | |
| Enter hero's abilities submenu | 10 | |
| Give item / drop item | 4 | |
| Right click | 223 | |
| Select / deselect | 211 | |
| Use ability | 63 | |
679 total
» units
| Peon | 18 | |
| Grunt | 4 | |
| Shaman | 7 | |
| Tauren | 4 | |
| Goblin Zeppelin | 1 | |
34 total
» upgrades
| Shaman Training | 2 | |
| Pulverize | 1 | |
| Melee Weapons | 3 | |
| Armor | 2 | |
8 total
» buildings
| Altar of Storms | 1 | |
| Orc Burrow | 7 | |
| Barracks | 1 | |
| Stronghold | 1 | |
| Voodoo Lounge | 1 | |
| Great Hall | 2 | |
| Fortress | 4 | |
| War Mill | 2 | |
| Spirit Lodge | 1 | |
| Watch Tower | 4 | |
| Tauren Totem | 2 | |
26 total
» build order
00:09 Altar of Storms
00:16 Orc Burrow
00:42 Barracks
01:30 Orc Burrow
02:29 Stronghold
03:35 Voodoo Lounge
04:08 Orc Burrow
04:35 Great Hall
04:54 Fortress
04:54 Fortress
04:55 Fortress
06:04 War Mill
06:34 Spirit Lodge
08:26 Watch Tower
08:32 Watch Tower
08:48 Tauren Totem
08:51 Tauren Totem
11:07 Orc Burrow
11:12 Orc Burrow
11:15 Orc Burrow
12:43 Great Hall
13:13 War Mill
15:20 Orc Burrow
15:26 Watch Tower
17:49 Watch Tower
» items
| Healing Salve | 2 | |
| Orb of Lightning | 3 | |
| Scroll of Town Portal | 1 | |
| Scroll of Speed | 1 | |
| Scroll of Protection | 2 | |
9 total

»
teelo (
yellow | 62 APM | 1106 actions | 17:51)
3 Archmage
2 Blizzard
1 Brilliance Aura
» actions
| Assign group hotkey | 66 | |
| Basic commands | 40 | |
| Build / train | 100 | |
| ESC pressed | 4 | |
| Enter build submenu | 58 | |
| Enter hero's abilities submenu | 3 | |
| Right click | 302 | |
| Select / deselect | 188 | |
| Select group hotkey | 260 | |
| Use ability | 85 | |
1106 total
» units
| Peasant | 21 | |
| Goblin Zeppelin | 1 | |
| Spell Breaker | 1 | |
| Flying Machine | 21 | |
| Blue Dragon | 4 | |
48 total
» upgrades
| Masonry | 2 | |
| Magic Sentry | 1 | |
| Lumber Harvesting | 1 | |
| Gunpowder | 2 | |
| Plating | 2 | |
| Flak Cannons | 1 | |
9 total
» buildings
| Altar of Kings | 1 | |
| Farm | 12 | |
| Barracks | 1 | |
| Scout Tower | 36 | |
| Lumber Mill | 1 | |
| Arcane Tower | 4 | |
| Guard Tower | 25 | |
| Keep | 4 | |
| Town Hall | 1 | |
| Arcane Sanctum | 1 | |
| Castle | 1 | |
| Arcane Vault | 2 | |
| Blacksmith | 3 | |
| Workshop | 4 | |
96 total
» build order
00:22 Altar of Kings
00:36 Farm
00:57 Barracks
01:06 Farm
01:36 Scout Tower
01:40 Lumber Mill
02:10 Arcane Tower
02:38 Scout Tower
02:39 Scout Tower
03:08 Arcane Tower
03:10 Scout Tower
03:18 Scout Tower
03:18 Scout Tower
03:22 Farm
03:25 Scout Tower
03:34 Scout Tower
03:45 Scout Tower
03:47 Guard Tower
03:50 Scout Tower
03:51 Scout Tower
03:59 Arcane Tower
04:05 Scout Tower
04:13 Guard Tower
04:16 Scout Tower
04:25 Guard Tower
04:27 Scout Tower
04:34 Scout Tower
04:39 Guard Tower
04:39 Guard Tower
04:58 Guard Tower
05:07 Scout Tower
05:14 Scout Tower
05:16 Scout Tower
05:17 Guard Tower
05:20 Guard Tower
05:31 Guard Tower
05:36 Scout Tower
05:37 Scout Tower
05:40 Guard Tower
05:47 Guard Tower
05:47 Guard Tower
06:07 Guard Tower
06:17 Scout Tower
06:18 Guard Tower
06:32 Scout Tower
06:34 Guard Tower
07:00 Keep
07:00 Keep
07:04 Scout Tower
07:08 Scout Tower
07:13 Scout Tower
07:49 Town Hall
07:57 Scout Tower
07:58 Scout Tower
08:02 Guard Tower
08:34 Guard Tower
08:41 Arcane Tower
08:52 Farm
09:04 Scout Tower
09:22 Arcane Sanctum
09:44 Scout Tower
10:16 Scout Tower
10:18 Scout Tower
10:19 Scout Tower
10:20 Guard Tower
10:55 Guard Tower
11:14 Castle
11:30 Arcane Vault
11:36 Scout Tower
11:36 Scout Tower
11:37 Scout Tower
11:39 Scout Tower
11:45 Arcane Vault
12:00 Guard Tower
12:10 Guard Tower
13:03 Blacksmith
13:05 Blacksmith
13:09 Blacksmith
13:45 Workshop
13:46 Workshop
13:49 Workshop
13:50 Workshop
13:53 Guard Tower
14:00 Guard Tower
14:08 Guard Tower
15:52 Farm
15:52 Farm
15:55 Farm
15:58 Farm
15:59 Farm
15:59 Farm
15:59 Farm
16:00 Farm
» items
| Staff of Teleportation | 1 | |
| Scroll of Town Portal | 1 | |
| Scroll of Healing | 1 | |
| Boots of Speed | 1 | |
| Dust of Appearance | 1 | |
5 total
Chat log
(00:13 / All) teelo: guys is it true that world of warcraft is a terrible game?
(00:22 / All) thedeadundenied: yes
(00:25 / All) teelo: kk ty
(00:27 / All) ClassicWarcraf: now it is
(00:33 / All) ObiWanKillNooby: war craft 3 is better
(00:43 / All) lolisuck-: and yet we play the game
(01:03 / Allies) Aislan: i hated starcrat 2
(01:15 / Allies) Aislan: so boring
(01:16 / Allies) teelo: same
(01:27 / Allies) teelo: group units into big ball
(01:29 / Allies) teelo: a move enemy base
(01:57 / Allies) Aislan: for me, sc1 was better than sc2
(02:01 / Allies) Aislan: sincerely
(02:15 / All) ObiWanKillNooby: . Nuclear Missle Detected
(02:16 / Allies) teelo: hmmmm
(02:18 / All) Rahzor: wtf
(02:22 / All) ObiWanKillNooby: lol
(02:27 / All) Rahzor: hack much bro...?
(02:42 / All) ObiWanKillNooby: find that red dot
(02:42 / All) thedeadundenied: play the game without cheating homie
(02:46 / All) ObiWanKillNooby: before you get nuked
(03:25 / All) ObiWanKillNooby: oh shit what is red's shop doing there
(03:46 / All) Rahzor: LOL
(04:06 / All) Rahzor: yellow you do realize a tp cost more than reviving hero at lvl 1 right noob?
(04:36 / All) ClassicWarcraf: sending in reply yellow obviously hacks
(04:46 / Allies) teelo: lol this is funny
(04:53 / Allies) teelo: second time this week ive been accused of maphacking
(04:53 / Allies) teelo: hehe
(05:33 / All) Aislan: ...
(05:37 / All) thedeadundenied: fuck you
(06:25 / All) teelo: too bad you didnt get XP for that
(06:37 / All) ClassicWarcraf: to bad u died
(06:39 / Allies) lolisuck-: what are they getting?
(06:42 / All) teelo: was going to die anyway
(06:52 / Allies) teelo: go scout and find out
(09:08 / Allies) lolisuck-: wood?
(09:35 / Allies) lolisuck-: ty
(12:35 / Allies) teelo: what units do they have
(12:43 / Allies) lolisuck-: dottss and chims
(12:48 / Allies) teelo: ok making flying machines
(12:55 / Allies) lolisuck-: got some tanks
(14:41 / Allies) teelo: gonna get a dragon since i dont really have any units atm
(16:21 / Allies) lolisuck-: tanks first
(16:28 / Allies) ObiWanKillNooby: lets go
(17:15 / All) thedeadundenied: love noobs
(17:15 / All) Aislan: go go go
(17:31 / All) Rahzor: gj with the hacks guys